 Dungeon Crawl Stone Soup version 0.26-a0-812-g31a745ddcd (webtiles) character file.

Game seed: 15969550988456869334

17499 Arthanis the Cleaver (level 12, -2/80 HPs)
             Began as a Gargoyle Berserker on Nov 14, 2020.
             Was the Champion of Trog.
             Slain by a wyvern (7 damage)
             ... on level 10 of the Dungeon.
             The game lasted 00:15:58 (11142 turns).

Arthanis the Cleaver (Gargoyle Berserker)          Turns: 11142, Time: 00:15:58

Health: -2/80      AC: 29    Str: 21    XL:     12   Next: 48%
Magic:  0/4        EV:  8    Int: 13    God:    Trog [******]
Gold:   434        SH:  0    Dex: 16    Spells: 11/11 levels left

rFire    . . .     SeeInvis .   b - +10 executioner's axe "Laarad" {antimagic, *Corrode rPois MR+ Dex+7}
rCold    + . .     Faith    .   (shield currently unavailable)
rNeg     + . .     Spirit   +   D - +0 plate armour
rPois    ∞         Reflect  .   i - +2 helmet
rElec    +         Harm     .   z - +0 cloak
rCorr    .         Rampage  .   (no gloves)
MR       +++..                  E - +0 pair of boots
Stlth    ..........             S - amulet of guardian spirit
HPRegen  1.23/turn              C - ring of protection from cold
MPRegen  0.09/turn              T - ring of stealth

@: berserk cooldown, regenerating, slowed, very slow
A: negative energy resistance 1, electricity resistance, unbreathing,
petrification resistance, rot immunity, AC +8
a: Berserk, Trog's Hand, Brothers in Arms, Renounce Religion


You were on level 10 of the Dungeon.
You worshipped Trog.
Trog was exalted by your worship.
You visited 1 branch of the dungeon, and saw 11 of its levels.
You also visited: Bailey.

You collected 642 gold pieces.
You spent 208 gold pieces at shops.

Inventory:

Hand Weapons
 b - the +10 executioner's axe "Laarad" (weapon) {antimagic, *Corrode rPois MR+ Dex+7}
   (Trog gifted it to you on level 10 of the Dungeon)

   It reduces the magical energy of the wielder, and disrupts the spells and
   magical abilities of those hit.
   Natural abilities and divine invocations are not affected.
   It affects your dexterity (+7).
   It protects you from poison.
   It affects your resistance to hostile enchantments.
   It may corrode you when you take damage.
 j - a +0 spear
 s - a +2 hand axe of electrocution
 M - a +0 mace of protection
 Q - the cursed +0 spear "Ygeil" {vorpal, +Rage rElec Str+2}
   (You found it on level 9 of the Dungeon)

   It inflicts extra damage upon your enemies.
   It affects your strength (+2).
   It insulates you from electricity.
   It lets you go berserk.
   It has a curse placed upon it.
Armour
 i - a +2 helmet (worn)
 x - a +0 kite shield
 z - a +0 cloak (worn)
 D - a +0 plate armour (worn)
 E - a +0 pair of boots (worn)
 U - a +1 helmet
Jewellery
 C - a ring of protection from cold (left hand)
 S - an amulet of guardian spirit (around neck)
 T - a ring of stealth (right hand)
Wands
 u - a wand of polymorph (5)
 F - a wand of flame (29)
Scrolls
 c - 2 scrolls of fear
 f - 7 scrolls of enchant armour
 h - a scroll of acquirement {unknown}
 l - 4 scrolls of teleportation
 m - 5 scrolls of enchant weapon
 w - 2 scrolls of magic mapping {unknown}
 A - a scroll of blinking {unknown}
 B - 3 scrolls of remove curse
 G - a scroll of random uselessness {unknown}
 H - 2 scrolls of amnesia
 K - 2 scrolls of vulnerability {unknown}
 O - a scroll of immolation {unknown}
 R - a scroll of torment {unknown}
Potions
 a - 2 potions of might
 d - a potion of resistance {unknown}
 e - 8 potions of curing
 g - 3 potions of attraction {unknown}
 o - 2 potions of ambrosia
 p - 2 potions of magic {unknown}
 q - 2 potions of brilliance {unknown}
 t - 6 potions of heal wounds
 v - 3 potions of flight {unknown}
 J - 2 potions of haste {unknown}
 L - a potion of mutation {unknown}
 N - 4 potions of invisibility {unknown}
 P - a potion of berserk rage {unknown}


   Skills:
 + Level 11.4 Fighting
 * Level 13.0 Axes
 + Level 9.1 Armour
 - Level 2.0 Dodging
 - Level 4.0 Shields
 - Level 4.1 Evocations


You had 11 spell levels left.
You didn't know any spells.
Your spell library contained the following spells:

 Spells                   Type           Power        Failure   Level
 Magic Dart               Conj           #...         99%         1
 Summon Small Mammal      Summ           #...         99%         1
 Blink                    Tloc           N/A          100%        2
 Call Imp                 Summ           #.......     100%        2
 Slow                     Hex            #.......     100%        2
 Call Canine Familiar     Summ           #.......     100%        3
 Conjure Flame            Conj/Fire      #.......     100%        3
 Mephitic Cloud           Conj/Pois/Air  #.......     100%        3
 Summon Guardian Golem    Hex/Summ       #.......     100%        3
 Summon Ice Beast         Ice/Summ       #.......     100%        4
 Summon Lightning Spire   Summ/Air       #.......     100%        4


Dungeon Overview and Level Annotations

Branches:
Dungeon (11/15)            Temple (0/1) D:6             Orc (0/2) D:9
 Bailey (visited)
   Lair: D:8-11

Altars:
Cheibriados
Dithmenos
Elyvilon
Fedhas
Hepliaklqana
Kikubaaqudgha
Nemelex Xobeh
Sif Muna
Trog
Vehumet
Wu Jian
Zin
The Shining One

Shops:
D:5 !

Annotations:
D:5 1 runed translucent door, Verendum's ghost, novice OpAK


Innate Abilities, Weirdness & Mutations

You are resistant to torment.
Your stone body is resilient. (AC +8)
You are immune to poison.
You resist negative energy. (rN+)
You are resistant to electric shocks. (rElec)
You can survive without breathing.
You are immune to petrification.
You are immune to rotting.


Message History

You hit the wyvern but do no damage.
The wyvern is moderately wounded.
The wyvern bites you but does no damage.
The wyvern bites you.
* * * LOW HITPOINT WARNING * * *
The wyvern bites you but does no damage.
You barely miss the wyvern.
The wyvern is moderately wounded.
The wyvern bites you but does no damage. x2
The wyvern barely misses you.
You closely miss the wyvern.
The wyvern is moderately wounded.
The wyvern bites you but does no damage. x2
The wyvern bites you!
* * * LOW HITPOINT WARNING * * *
Your skin crawls.
You feel resistant to hostile enchantments.
The wyvern bites you but does no damage. x2
The wyvern bites you!
You die...

....### ≈.....# ....###
.≈≈.# ###############
....#######.#...........#
......††.)..#.#########:#
###########)#.#.......#.#
....(.....#.#.#.#.....#.#
#####...#.#[#.#.@.....#.#
.####.#.#.....###l##..#.#
...##.#.#..........#..#.#
...##.#.#......##..#..#.#
...##.#.#......#...#..#.#
'####.#.#......#...#..#.#
....#+#.#......#.#.#<.#.#
.##.....#......#...#..#.#
........#....#.#...#..#.#


You could see a wyvern.

Vanquished Creatures
  Josephine (D:11)
  A boulder beetle (D:9)
  A hydra (D:8)
  A two-headed ogre (D:8)
  Nergalle (D:11)
  An unseen horror (D:11)
  Pikel (D:5)
  4 orc knights (Bailey)
  A cyclops (D:11)
  3 ugly things (D:11)
  A centaur zombie (D:11)
  2 trolls
  A slime creature (D:8)
  Sigmund (D:5)
  A shadow (D:11)
  A vampire (D:11)
  2 wyverns
  13 yaks
  4 wraiths (D:11)
  8 orc warriors
  3 sky beasts
  A hornet zombie (D:9)
  3 ice beasts
  A black bear (D:10)
  7 ogres
  2 phantoms
  3 necrophages
  3 centaurs (D:9)
  2 lemures (D:5)
  2 big kobolds
  5 bullfrogs
  A water moccasin zombie (D:7)
  16 wights
  An electric eel (D:9)
  A howler monkey (D:8)
  A bullfrog zombie (D:7)
  2 jellies
  2 quasits
  2 bullfrog skeletons
  4 hounds
  3 orc priests
  A centaur skeleton (D:9)
  3 iguanas
  19 orc wizards
  Crazy Yiuf (D:5)
  13 worker ants
  A hound skeleton (D:5)
  2 worker ant zombies
  4 gnolls
  10 adders
  A shadow imp (D:8)
  4 white imps
  4 ufetubi
  2 oozes (D:3)
  2 adder zombies
  2 adder skeletons
  5 worms
  2 dart slugs
  5 leopard geckos
  75 orcs
  2 ball pythons
  9 bats
  4 giant cockroaches
  12 goblins
  2 hobgoblins
  12 jackals
  5 quokkas
  4 frilled lizards
  17 kobolds
  8 rats
345 creatures vanquished.

Vanquished Creatures (others)
  2 fungi (D:11)
2 creatures vanquished.

Grand Total: 347 creatures vanquished

Notes
Turn   | Place    | Note
-------+----------+-------------------------------------------
     0 | D:1      | Arthanis the Gargoyle Berserker began the quest for the
                  | Orb.
     0 | D:1      | Reached XP level 1. HP: 14/14 MP: 1/1
    56 | D:1      | Reached XP level 2. HP: 16/19 MP: 2/2
   261 | D:1      | Reached skill level 3 in Axes
   639 | D:2      | Reached ** piety under Trog
   649 | D:2      | Reached XP level 3. HP: 17/23 MP: 3/3
   953 | D:2      | Reached XP level 4. HP: 19/29 MP: 4/4
  1492 | D:3      | Reached XP level 5. HP: 33/33 MP: 5/5
  1634 | D:3      | Reached skill level 1 in Shields
  1639 | D:3      | Reached skill level 4 in Axes
  1961 | D:3      | Found a hazy altar of Hepliaklqana.
  2018 | D:3      | Found an ornate altar of the Wu Jian Council.
  2025 | D:3      | Reached *** piety under Trog
  2025 | D:3      | Reached XP level 6. HP: 39/39 MP: 6/6
  2102 | D:3      | Noticed a phantom
  2129 | D:3      | Killed a phantom
  2613 | D:4      | Identified the cursed +1 hunting sling of Laliewidgh
                  | {freeze, Dex+7}
  2768 | D:4      | Identified the +5 hunting sling "Naow" {vorpal, rF+}
  2952 | D:4      | Reached XP level 7. HP: 42/44 MP: 7/7
  2971 | D:4      | Reached skill level 5 in Axes
  3307 | D:4      | Found a shadowy altar of Dithmenos.
  3538 | D:4      | Found a blossoming altar of Fedhas.
  3538 | D:4      | Found a glowing golden altar of the Shining One.
  3703 | D:5      | Entered Level 5 of the Dungeon
  3858 | D:5      | Found Muacot's Distillery.
  3864 | D:5      | Reached skill level 5 in Fighting
  3872 | D:5      | Bought a potion of curing for 39 gold pieces
  3872 | D:5      | Bought a potion of heal wounds for 65 gold pieces
  3872 | D:5      | Bought a potion of ambrosia for 104 gold pieces
  3919 | D:5      | Found a runed translucent door.
  3927 | D:5      | Noticed Verendum's ghost (novice OpAK)
  3974 | D:5      | Reached **** piety under Trog
  3974 | D:5      | Reached XP level 8. HP: 26/50 MP: 8/8
  4047 | D:5      | Noticed Pikel
  4056 | D:5      | Killed Pikel
  4056 | D:5      | Reached skill level 6 in Axes
  4056 | D:5      | Reached skill level 5 in Armour
  4257 | D:5      | Noticed Sigmund
  4273 | D:5      | Killed Sigmund
  4273 | D:5      | Reached skill level 7 in Axes
  4537 | D:5      | Reached XP level 9. HP: 56/56 MP: 9/9
  4628 | D:5      | Found a bloodstained altar of Trog.
  4716 | D:5      | Found a runed translucent door.
  4717 | D:5      | Noticed Crazy Yiuf
  4881 | D:5      | Killed Crazy Yiuf
  5171 | D:6      | Found a staircase to the Ecumenical Temple.
  5687 | D:7      | Reached skill level 8 in Axes
  5972 | D:7      | Found a sparkling altar of Nemelex Xobeh.
  6043 | D:7      | Found a shimmering blue altar of Sif Muna.
  6054 | D:7      | Identified Sif Muna's Compendium of Plasticity
  6070 | D:7      | Found an ancient bone altar of Kikubaaqudgha.
  6085 | D:7      | Found a radiant altar of Vehumet.
  6211 | D:7      | Reached ***** piety under Trog
  6577 | D:7      | Reached skill level 9 in Axes
  6808 | D:8      | Noticed a troll
  6836 | D:8      | Killed a troll
  6838 | D:8      | Reached XP level 10. HP: 47/64 MP: 10/10
  6895 | D:8      | Noticed a seven-headed hydra
  7204 | D:8      | Reached skill level 10 in Axes
  7270 | D:8      | Killed a seven-headed hydra
  7650 | D:8      | Noticed a two-headed ogre
  7659 | D:8      | Killed a two-headed ogre
  7835 | D:8      | Reached skill level 11 in Axes
  8354 | D:9      | Reached XP level 11. HP: 54/72 MP: 11/11
  8479 | D:9      | Found a glowing silver altar of Zin.
  8491 | D:9      | Reached skill level 10 in Fighting
  8570 | D:9      | Found a white marble altar of Elyvilon.
  8595 | D:9      | Found a staircase to the Orcish Mines.
  8667 | D:9      | Got a brightly glowing spear
  8949 | D:9      | Noticed a boulder beetle
  8966 | D:9      | Killed a boulder beetle
  8966 | D:9      | Reached skill level 1 in Evocations
  9087 | D:9      | Found a snail-covered altar of Cheibriados.
  9089 | D:9      | Found a bloodstained altar of Trog.
  9167 | D:10     | Entered Level 10 of the Dungeon
  9217 | D:10     | Reached ****** piety under Trog
  9600 | D:10     | Received a gift from Trog
  9603 | D:10     | Got a shimmering executioner's axe {god gift}
  9613 | D:10     | Identified the +10 executioner's axe "Laarad" {antimagic,
                  | *Corrode rPois MR+ Dex+7} (Trog gifted it to you on level
                  | 10 of the Dungeon)
 10004 | D:11     | Noticed a green ugly thing
 10010 | D:11     | Killed an unseen horror
 10010 | D:11     | Reached skill level 12 in Axes
 10018 | D:11     | Killed a green ugly thing
 10030 | D:11     | Identified the cursed +0 spear "Ygeil" {vorpal, +Rage rElec
                  | Str+2} (You found it on level 9 of the Dungeon)
 10086 | D:11     | Found a flagged portal.
 10105 | Bailey   | Entered a bailey
 10383 | Bailey   | Noticed an orc knight
 10383 | Bailey   | Noticed an orc knight
 10399 | Bailey   | Killed an orc knight
 10399 | Bailey   | Killed an orc knight
 10399 | Bailey   | Noticed an orc knight
 10412 | Bailey   | Noticed an orc knight
 10413 | Bailey   | Killed an orc knight
 10466 | Bailey   | Killed an orc knight
 10466 | Bailey   | Reached XP level 12. HP: 63/79 MP: 2/12
 10698 | D:11     | Noticed Josephine
 10707 | D:11     | Killed Josephine
 10769 | D:11     | Noticed Nergalle
 10785 | D:11     | Killed Nergalle
 11119 | D:11     | Reached skill level 13 in Axes
 11141 | D:10     | HP: 4/80 [wyvern (9)]
 11142 | D:10     | Slain by a wyvern

Illustrated notes

Levels and vault maps discovered:
D:1:      lemuel_arrival_lava_pool, layout_loops_ring
D:2:      layout_basic
D:3:      layout_loops_ring, lemuel_round_altar, lemuel_crystal_altar,
          chequers_serial_rivers_micro_b, minmay_between
D:4:      layout_basic, nicolae_dithmenos_the_darkroom,
          amethyst_overflow_temple_binary, minmay_misc_feat_rugged
D:5:      layout_loops_corners, serial_shops, shop,
          hellmonk_ghost_happy_afterlife, trog_book, uniq_pikel,
          uniq_crazy_yiuf_cottage, uniq_sigmund
D:6:      layout_loops_ring, minmay_temple_entry_crystal_x
D:7:      layout_gridville, palyth_temple_overflow_mages,
          nemelex_xobeh_ov_fountains_minmay
D:8:      layout_basic, zaba_anthole, minmay_diamond_spiral
D:9:      wad_river_or_something, layout_rooms, old_standard_altar,
          kennysheep_mini, nicolae_overflow_hidden_temple, orc_0_dummy
D:10:     layout_basic, chequers_serial_rivers_micro_c
D:11:     layout_cave_pools, david_lair_generic, enter_bailey_7, uniq_josephine,
          uniq_nergalle

Skill      XL: |  1  2  3  4  5  6  7  8  9 10 11 12 |
---------------+-------------------------------------+-----
Axes           | 3 4 5 7 9 11 12 13 | 13.0
Dodging        | 2 |  2.0
Armour         | 3 4 5 6 8 9 |  9.1
Fighting       | 4 5 6 8 9 10 11 | 11.4
Shields        | 1 2 3 4 |  4.0
Evocations     | 3 4 |  4.1

Action                   |  1- 3 |  4- 6 |  7- 9 | 10-12 || total
-------------------------+-------+-------+-------+-------++-------
Melee: Hand axe          |   108 |   122 |   339 |   292 ||   861
       War axe           |       |   113 |    25 |       ||   138
       Unarmed           |       |       |    13 |       ||    13
       Spear             |       |       |       |    15 ||    15
       Executioner's axe |       |       |       |   145 ||   145
Invok: Berserk           |       |     5 |     9 |    14 ||    28
       Trog's Hand       |       |       |       |     5 ||     5
Evoke: Wand              |       |       |       |     3 ||     3
  Use: Scroll            |       |       |       |     8 ||     8
Armor: Scale mail        |    82 |   130 |       |       ||   212
       Chain mail        |       |    16 |   108 |       ||   124
       Plate armour      |       |       |    80 |   405 ||   485
Dodge: Dodged            |    76 |   152 |    84 |   174 ||   486
Block: Buckler           |       |    36 |    21 |       ||    57
       Kite shield       |       |       |    64 |   140 ||   204

Table legend: (Time is in decaauts)
 A = Elapsed time spent in this place.
 B = Non-inter-level travel time spent in this place.
 C = Inter-level travel time spent in this place.
 D = Time resting spent in this place.
 E = Time spent auto-exploring this place.
 F = Levels seen in this place.
 G = Mean time per level.
                   A        B        C        D        E       F      G
               +--------+--------+--------+--------+--------+-----+--------+
         Total |  11450 |  10853 |    597 |    604 |   7594 |  12 |  954.2 |
       Dungeon |  10813 |  10216 |    597 |    399 |   7474 |  11 |  983.0 |
        Bailey |    636 |    636 |      0 |    205 |    120 |   1 |  636.0 |
               +--------+--------+--------+--------+--------+-----+--------+

Top non-repeatable levels by time:
     D:8: 1702 daAuts
     D:5: 1273 daAuts
     D:4: 1223 daAuts
     D:3: 1109 daAuts
    D:10: 1020 daAuts
     D:7: 1017 daAuts
     D:2: 886 daAuts
     D:9: 840 daAuts
     D:6: 704 daAuts
  Bailey: 636 daAuts
     D:1: 598 daAuts
    D:11: 435 daAuts
